cohdb
Replays
Latest Replays
All Replays
Popular Replays
Top Player Replays
Match Explorer
How It Works
Community
CoH3 Stats
Reddit
Sign in to upload your games and track your stats! →
Sign in with Steam
Match 42956731
Unlisted
Match 42956731
Overview
Messages
Build Orders
End
Construct Section Command Post
Dingo Light Scout Car
Dingo Light Scout Car
Royal Engineer Section
Infantry Section
Construct Platoon Command Post
Humber Armored Car
6-pounder Anti-tank Gun Team
Light Vehicle Training
Selects Indian Artillery Battlegroup
Selects Artillery Saturation
6-pounder Anti-tank Gun Team
Infantry Section
Vettlen
BloodSpark
Cons01
A-Kai
Carecup
water
ENIGMA
AlexTheLie
0
0
Comments
sign in to comment!
No comments posted yet!